 Dungeon Crawl Stone Soup version 0.31.0-11-ge490571c62 (webtiles) character file.

Game seed: 6018301332277929688

266 gelatine the Trooper (level 6, -2/48 HPs)
             Began as a Demonspawn Fighter on Jan 30, 2024.
             Slain by Natasha (4 damage)
             ... on level 3 of the Dungeon.
             The game lasted 00:04:25 (1431 turns).

gelatine the Trooper (Demonspawn Fighter)           Turns: 1431, Time: 00:04:27

Health: -2/48      AC:  5    Str: 16    XL:     6   Next: 0%
Magic:  8/8        EV: 11    Int: 11    God:
Gold:   92         SH:  4    Dex: 12    Spells: 8/8 levels left

rFire   . . .        a - +0 war axe
rCold   . . .        c - +0 buckler
rNeg    . . .        o - +0 animal skin
rPois   .            n - +0 helmet
rElec   .            j - +0 cloak
rCorr   .            k - +0 pair of gloves
SInv    .            (no boots)
Will    .....        (no amulet)
Stlth   +            (no ring)
HPRegen 0.28/turn    (no ring)
MPRegen 0.11/turn

%: no passive effects
@: no status effects
A: demonic magic 2
a: no special abilities


You were on level 3 of the Dungeon.
You visited 1 branch of the dungeon, and saw 3 of its levels.

You collected 92 gold pieces.

Inventory:

Hand Weapons
 a - a +0 war axe (weapon)
 p - a +0 club
Missiles
 f - 3 javelins (quivered)
Armour
 b - a +0 scale mail
 c - a +0 buckler (worn)
 j - a +0 cloak (worn)
 k - a +0 pair of gloves (worn)
 n - a +0 helmet (worn)
 o - a +0 animal skin (worn)
Wands
 l - a wand of charming (8)
Scrolls
 e - a scroll of amnesia {unknown}
 g - a scroll of noise {unknown}
 h - a scroll of identify {unknown}
 m - a scroll of fog {unknown}
Potions
 d - a potion of might
 i - a potion of ambrosia {unknown}


   Skills:
 + Level 3.7 Fighting
 + Level 3.4 Axes
 + Level 3.4 Armour
 * Level 1.6 Dodging
 + Level 3.2 Shields
 * Level 1.7 Spellcasting


You had 8 spell levels left.
You didn't know any spells.
Your spell library was empty.

Dungeon Overview and Level Annotations

Branches:
Dungeon (3/15)

Altars:

Shops:
D:2 *

Annotations:
D:3 Natasha


Innate Abilities, Weirdness & Mutations

Spells you cast may paralyse nearby enemies.


Message History

Natasha, Servant of Life and Death comes into view.
Natasha hisses angrily.
Items here: ))) †.
Natasha claws you.
* * * LOW HITPOINT WARNING * * *
You hit Natasha.
Natasha is moderately wounded.
Natasha closely misses you. Natasha claws you.
* * * LOW HITPOINT WARNING * * *
You closely miss Natasha.
Natasha is moderately wounded.
Natasha claws you.
* * * LOW HITPOINT WARNING * * *
You hit Natasha.
Natasha is moderately wounded.
Natasha claws you!
* * * LOW HITPOINT WARNING * * *
You closely miss Natasha.
Natasha is moderately wounded.
Natasha closely misses you. Natasha barely misses you.
You hit Natasha.
Natasha is heavily wounded.
Natasha closely misses you.
You closely miss Natasha.
Natasha is heavily wounded.
Natasha closely misses you.
You barely miss Natasha.
Natasha is heavily wounded.
Natasha barely misses you. x2
You barely miss Natasha.
Natasha is heavily wounded.
Natasha claws you.
* * * LOW HITPOINT WARNING * * *
You hit Natasha but do no damage.
Natasha is heavily wounded.
Natasha howls an incantation.
You feel troubled. Natasha claws you.
You die...
Natasha curls up and begins to purr.

....................#
...................#
.......................#
....(..............)...#
..................#.##.# #
.... #.......)#.#.##.##
##. ... #.##.#.....#.##..#
....##.##h.>.#....##.###..
.#......@.###...###.# ##.
....#.))### #..## #.# #.
.........)####..# #.# #.
.....###†>....... #.####.
.... #...##......##.#....
... ...#.........##.#....
.. ...#####.......##.#....
...... #.......##.#....
.... #.......##.#....


You could see Natasha.

Vanquished Creatures
  Sigmund (D:2)
  Jessica (D:2)
  Natasha (D:3)
  Robin (D:3)
  A dart slug (D:2)
  A ribbon worm (D:2)
  An orc (D:3)
  5 ball pythons
  8 bats (D:1)
  2 endoplasms
  A giant cockroach (D:1)
  12 goblins
  2 hobgoblins (D:3)
  2 frilled lizards (D:2)
  4 kobolds
  A rat (D:1)
44 creatures vanquished.

Notes
Turn   | Place    | Note
-------+----------+-------------------------------------------
     0 | D:1      | gelatine the Demonspawn Fighter began the quest for the
                  | Orb.
     0 | D:1      | Reached XP level 1. HP: 18/18 MP: 1/1
   192 | D:1      | Gained mutation: Spells you cast may paralyse adjacent
                  | enemies. [demonic ancestry]
   192 | D:1      | Reached XP level 2. HP: 24/24 MP: 2/2
   760 | D:2      | Noticed Jessica
   764 | D:2      | Noticed Sigmund
   765 | D:2      | Killed Jessica
   766 | D:2      | Reached XP level 3. HP: 29/29 MP: 3/3
   781 | D:2      | Killed Sigmund
   782 | D:2      | Reached skill level 1 in Dodging
   782 | D:2      | Reached skill level 1 in Spellcasting
   782 | D:2      | Reached XP level 4. HP: 30/37 MP: 3/6
   782 | D:2      | Reached XP level 5. HP: 34/42 MP: 3/7
   846 | D:2      | Found Felierei's Assorted Antiques.
  1361 | D:3      | Noticed Robin
  1363 | D:3      | Noticed Natasha
  1372 | D:3      | Killed Natasha
  1375 | D:3      | Killed Robin
  1380 | D:3      | Gained mutation: Spells you cast may paralyse nearby
                  | enemies. [demonic ancestry]
  1380 | D:3      | Reached XP level 6. HP: 6/48 MP: 8/8
  1419 | D:3      | Noticed Natasha
  1425 | D:3      | HP: 1/48 [Natasha (7)]
  1430 | D:3      | HP: 2/48 [Natasha (1)]
  1431 | D:3      | Slain by Natasha

Illustrated notes

Levels and vault maps discovered:
D:1:      spicycebolla_green_bress_n_ham_2, layout_basic
D:2:      layout_loops_ring, serial_shops, shop, corexii_shack, hex_large,
          minmay_misc_feat_tiny, uniq_jessica, uniq_sigmund
D:3:      kennysheep_goblin_castle, layout_rooms, mainiacjoe_overflow_24_doors,
          serial_shops, shop, uniq_robin, uniq_natasha

Skill      XL: |  1  2  3 |
---------------+----------+-----
Armour         | 3 |  3.4
Axes           | 2 3 |  3.4
Shields        | 3 |  3.2
Dodging        | 1 |  1.6
Spellcasting   | 1 |  1.7
Fighting       | |  3.7

Action                     |  1- 3 |  4- 6 || total
---------------------------+-------+-------++-------
  Melee: War axe           |    61 |    56 ||   117
 Armour: Scale mail        |    58 |    51 ||   109
         Animal skin       |       |     6 ||     6
  Dodge: Dodged            |    40 |    35 ||    75
  Block: Buckler           |    13 |    20 ||    33
